[Event "*** Titled Tuesday Blitz"]
[Site "Chess.com"]
[Date "2020.02.04"]
[Round "8"]
[White "Yoshkinkot"]
[Black "Leonid_Starozhilov"]
[Result "1-0"]
[WhiteElo "2590"]
[BlackElo "2681"]
[TimeControl "180+2"]
[EndTime "11:00:47 PST"]
[Termination "Yoshkinkot won on time"]

1. e4 g6 2. d4 Bg7 3. Nc3 d6 4. f4 Nf6 5. Nf3 O-O 6. Be3 c6 7. Qd2 b5 8. a3 a5 9. e5 Ne8 10. Be2 Ba6 11. O-O b4 12. axb4 axb4 13. Ne4 Bxe2 14.
Qxe2 Nd7 15. Qd2 Rb8 16. h4 Nb6 17. h5 Nd5 18. hxg6 hxg6 19. f5 gxf5 20. Ng3 e6 21. Bh6 f6 22. Nh5 Qd7 23. exd6 Bxh6 24. Qxh6 Qh7 25.
Qxh7+ Kxh7 26. d7 Nec7 27. Ra7 Rbd8 28. Rfa1 Kg6 29. Ng3 Rxd7 30. Ne2 Rfd8 31. Rb7 Nb5 32. Rxd7 Rxd7 33. Ra6 Ne7 34. c3 bxc3 35. bxc3 Nd6 36. Nf4+ Kf7 37. Nd3 Ne4 38. Ra3 Rb7 39. Nb4 Nxc3 40.
Nxc6 Ne2+ 41. Kf2 Nxc6 42. Kxe2 Rb2+ 43. Kf1 Ke7 44. Ra6 Rc2 45. Ra8 Nb4 46. Ra7+ Kd6 47. Rf7 Nd5 48. Kg1 f4 49. Rg7 Ne3 50. Kh2 Rc1 51. Nd2 f5 52. Nf3 Rc2 53. Ne5 Kd5 54. Nf3 Ng4+ 55. Kh3 Ne3 56. Kh2 Nf1+ 57.
Kh3 Nd2 58. Rd7+ Kc6 59. Ne5+ Kb5 60. Rb7+ Ka6 61. Re7 Ne4 62. Rxe6+ Kb5 63. Nf3 Rc1 64. Kh2 Rc2 65. Re5+ Kc6 66. Rxf5 Ng3 67. Rxf4 Ne2 68.
Rf5 Kd7 69. Kh3 Ra2 70. g4 Ra3 71. Kh4 Ra8 72. g5 Nc3 73. Kg4 Ne4 74. Rf4 Nf2+ 75. Kg3 Nd3 76. Rf6 Ke7 77. Kg4 Nf2+ 78. Kf5 Nd3 79. Ne5 Nb4 80. Rf7+ Ke8 81. g6 Nd5 82.
Rb7 Ne7+ 83. Kg5 Ra1 84. Rb8+ 1-0

[Event "*** Titled Tuesday Blitz"]
[Site "Chess.com"]
[Date "2020.02.04"]
[Round "8"]
[White "Volodar_Murzin"]
[Black "ShimanovAlex"]
[Result "1/2-1/2"]
[WhiteElo "2614"]
[BlackElo "2758"]
[TimeControl "180+2"]
[EndTime "11:03:34 PST"]
[Termination "Game drawn by agreement"]

1. d4 Nf6 2. Nf3 c5 3. dxc5 Na6 4. Be3 Qc7 5. Nbd2 Nxc5 6. Bd4 d6 7. e3 a6 8. c4 e5 9. Bc3 Be7 10. Qc2 O-O 11. b4 Ne6 12. Bd3 b5 13. cxb5 axb5 14. Bb2 Qb6 15. Ne4 Nd5 16. Qb3 Nxe3 17. fxe3 Qxe3+ 18. Kf1 Nf4 19. Nf2 Nxd3 20. Qxd3 Qxd3+ 21. Nxd3 e4 22. Re1 f5 23. Nc1 Be6 24. Nd4 Bc4+ 25. Kf2 d5 26. a3 f4 27. Nce2 Bh4+ 28. g3 fxg3+ 29. Kg2 Rf2+ 30. Kh3 Bf6 31. hxg3 Bxd4 32. Bxd4 Rxe2 33. Rxe2 Bxe2 34. Rc1 Bc4 35. Rc3 Kf7 36. Kg2 g5 37. g4 Kg6 38. Bc5 Rd8 39. Bd4 Rf8 40. Kg3 Rf1 41. a4 Rd1 42. a5 Rxd4 43.
a6 Rd1 44. Ra3 d4 45. a7 Bd5 46. Ra6+ Kf7 47. Rd6 Ba8 48. Rd8 Ra1 49. Rxa8 Kg7 50. Rd8 Rxa7 51. Rxd4 Ra3+ 52. Kg2 e3 53. Kf3 Rb3 54.
Rd5 Rxb4 55. Rxg5+ Kf6 56. Rf5+ Kg6 57. Kxe3 Rb1 58.
Rc5 b4 59. Kf2 b3 60. Rb5 Kf6 61. Rb7 h6 62. Kg2 Kg5 63. Rb6 Rb2+ 64. Kg3 Rb1 65. Rb5+ Kf6 66. Rb6+ Kg7 67. Kg2 Kh7 68. Kh2 Kg7 69.
Kg2 b2 70. Kh2 Kf7 71. Kg2 Ke7 72. Kh2 Kd7 73. Kg2 Kc7 74. Rb3 Kd7 75. Rb6 Kc7 76.
Rb3 Kd6 77. Kh2 Ke5 78. Kg2 Kf4 79. Rb4+ Kg5 80. Kh2 Kh4 81. Kg2 Kg5 82. Kh2 Kf6 83.
Kg2 Ke5 84. Kh2 Kd5 85. Kg2 Kc5 86. Rb8 Kd4 87. Kh2 Ke3 88. Kg2 Kd3 89. Rd8+ Ke4 90.
Rb8 Kd4 91. Rd8+ Ke3 92. Rb8 Ke2 93. Re8+ Kd3 94. Rb8 Ke4 95. Re8+ Kf4 96. Rb8 Kxg4 97. Rb3 h5 98. Rb4+ Kf5 99. Rb5+ Ke4 100. Rb8 Ke3 101. Re8+ Kd4 102. Rb8 Kd3 103. Kh2 h4 104. Rb7 h3 105.
Rb8 Ke3 106. Rb7 Ke4 107. Rb8 Kd5 108. Rb7 Kc6 109. Rb8 Kc5 110. Rb7 Kc4 111. Rb8 Kc3 112. Rc8+ Kd3 113. Rd8+ Kc2 114. Rc8+ Kb3 115. Rb8+ Ka2 116. Ra8+ Kb3 117. Rb8+ Kc4 118. Rc8+ Kd5 119. Rb8 Rf1 120. Rxb2 Ke4 121. Kxh3 1/2-1/2

[Event "*** Titled Tuesday Blitz"]
[Site "Chess.com"]
[Date "2020.02.04"]
[Round "9"]
[White "BeanScreen"]
[Black "WelshTiger"]
[Result "1-0"]
[WhiteElo "2566"]
[BlackElo "2314"]
[TimeControl "180+2"]
[EndTime "11:06:21 PST"]
[Termination "BeanScreen won by resignation"]

1. e4 c5 2. Nf3 Nc6 3. d4 cxd4 4. Nxd4 Nf6 5. Nc3 d6 6. Bg5 Bd7 7. Qd2 Rc8 8. Bxf6 gxf6 9. O-O-O Nxd4 10. Qxd4 Bh6+ 11.
Kb1 Bf4 12. Nd5 Be5 13. Qxa7 Ra8 14. Qxa8 Qxa8 15. Nc7+ Kf8 16. Nxa8 Kg7 17. Nb6 1-0

[Event "*** Titled Tuesday Blitz"]
[Site "Chess.com"]
[Date "2020.02.04"]
[Round "9"]
[White "MisiekZielony"]
[Black "Ginzburg_Yakov"]
[Result "0-1"]
[WhiteElo "2348"]
[BlackElo "2518"]
[TimeControl "180+2"]
[EndTime "11:07:18 PST"]
[Termination "Ginzburg_Yakov won by resignation"]

1. c4 Nc6 2. Nc3 g6 3. Nf3 Bg7 4. g3 Nf6 5. Bg2 O-O 6. O-O d6 7. d3 e5 8. Rb1 a5 9. a3 h6 10. b4 axb4 11. axb4 Ne7 12. e4 Nd7 13. Be3 Kh7 14.
Qd2 f5 15. Ne1 f4 16. gxf4 exf4 17. Bxf4 Bxc3 0-1

[Event "*** Titled Tuesday Blitz"]
[Site "Chess.com"]
[Date "2020.02.04"]
[Round "9"]
[White "Mikhail_Golubev"]
[Black "Kimster98"]
[Result "1/2-1/2"]
[WhiteElo "2554"]
[BlackElo "2699"]
[TimeControl "180+2"]
[EndTime "11:07:28 PST"]
[Termination "Game drawn by repetition"]

1. e4 e5 2. Nf3 Nf6 3. Nc3 Nc6 4. d4 exd4 5. Nxd4 Bb4 6. Nxc6 bxc6 7.
Bd3 O-O 8. O-O d5 9. Bd2 Bxc3 10. Bxc3 dxe4 11. Bxf6 Qxf6 12. Bxe4 Qxb2 13. Bxc6 Rb8 14. Rb1 Qxb1 15. Qxb1 Rxb1 16. Rxb1 Rd8 17. h3 Kf8 18. Rb4 Ke7 19. Re4+ Kd6 20. Rd4+ Ke7 21. Re4+ Kd6 22.
Rd4+ Ke7 23. Re4+ 1/2-1/2

[Event "*** Titled Tuesday Blitz"]
[Site "Chess.com"]
[Date "2020.02.04"]
[Round "9"]
[White "Andrei_Belozerov"]
[Black "AtabayevSaparmyrat"]
[Result "1-0"]
[WhiteElo "2658"]
[BlackElo "2790"]
[TimeControl "180+2"]
[EndTime "11:07:54 PST"]
[Termination "Andrei_Belozerov won by resignation"]

1. e4 c5 2. Nf3 d6 3. d4 cxd4 4.
Nxd4 Nf6 5. Nc3 a6 6. Be3 e6 7. f3 b5 8. Qd2 Bb7 9. g4 b4 10. Nce2 d5 11. g5 Nfd7 12. exd5 Bxd5 13. Nf4 Bb7 14. O-O-O e5 15. Nde6 fxe6 16. Nxe6 Qa5 17. Bc4 Bxf3 18. Rhf1 Bxd1 19. Qxd1 Nc6 20. Qf3 Ke7 21.
Qf7+ Kd6 22. Rd1+ Nd4 23. Nxd4 1-0

[Event "*** Titled Tuesday Blitz"]
[Site "Chess.com"]
[Date "2020.02.04"]
[Round "9"]
[White "gurelediz"]
[Black "inegrepus"]
[Result "1-0"]
[WhiteElo "2496"]
[BlackElo "2248"]
[TimeControl "180+2"]
[EndTime "11:07:58 PST"]
[Termination "gurelediz won by checkmate"]

1. d4 Nf6 2. c4 c5 3. d5 b5 4. cxb5 a6 5. f3 g6 6. e4 d6 7. Nc3 Bg7 8. Bc4 O-O 9. Nge2 axb5 10. Bxb5 Ba6 11. Bxa6 Rxa6 12. O-O Nbd7 13. Be3 Nb6 14. Qd3 Qa8 15. b3 Nfd7 16. a4 c4 17. bxc4 Nxa4 18. Nxa4 Bxa1 19. Rxa1 Rxa4 20. Rc1 Ne5 21. Qd4 Rc8 22. Bh6 Raxc4 23. Rxc4 Rxc4 24. Qe3 Qa1+ 25. Kf2 f5 26. Qb6 fxe4 27. Qd8+ Kf7 28. Qf8# 1-0

[Event "*** Titled Tuesday Blitz"]
[Site "Chess.com"]
[Date "2020.02.04"]
[Round "9"]
[White "bazar-wokzal"]
[Black "przemekpiotrowski"]
[Result "1-0"]
[WhiteElo "2549"]
[BlackElo "2374"]
[TimeControl "180+2"]
[EndTime "11:08:02 PST"]
[Termination "bazar-wokzal won by resignation"]

1. e4 c5 2. c3 Nf6 3. e5 Nd5 4. Bc4 Nb6 5. Bb3 d5 6. exd6 Qxd6 7. d4 cxd4 8. Nf3 Nc6 9. Na3 dxc3 10. Qxd6 exd6 11. Nb5 Bg4 12. Nc7+ Kd7 13. Nxa8 Nxa8 14. Ng5 cxb2 15. Bxb2 Be6 16. Nxf7 Bxf7 17. Bxf7 Nc7 18. O-O Ne5 19. Bb3 Be7 20. f4 Nd3 21. Bxg7 Re8 22.
Bf7 Rd8 23. Rad1 Nc5 24. f5 Ne8 25. Bd4 Kc6 26. f6 Bf8 27. Bxc5 Kxc5 28. Rf5+ Kb6 29. Bd5 Nc7 30. Rb1+ 1-0

[Event "*** Titled Tuesday Blitz"]
[Site "Chess.com"]
[Date "2020.02.04"]
[Round "9"]
[White "guillembaches"]
[Black "messiboca"]
[Result "1-0"]
[WhiteElo "2355"]
[BlackElo "2493"]
[TimeControl "180+2"]
[EndTime "11:08:08 PST"]
[Termination "guillembaches won by resignation"]

1. e4 c5 2. Nf3 e6 3. g3 Nc6 4. Bg2 d6 5. O-O Nf6 6. Re1 Be7 7. c3 O-O 8. d4 d5 9. e5 Ne4 10. Nbd2 cxd4 11. cxd4 Nxf2 12. Kxf2 f6 13. Nb3 a5 14. a4 fxe5 15. dxe5 1-0

[Event "*** Titled Tuesday Blitz"]
[Site "Chess.com"]
[Date "2020.02.04"]
[Round "9"]
[White "WeAintSurePal"]
[Black "Zq1"]
[Result "0-1"]
[WhiteElo "2416"]
[BlackElo "2544"]
[TimeControl "180+2"]
[EndTime "11:08:45 PST"]
[Termination "Zq1 won by resignation"]

1. d4 Nf6 2. c4 a6 3. g3 c5 4. Nf3 cxd4 5. Nxd4 d5 6. Bg2 e5 7.
Nb3 dxc4 8. Qxd8+ Kxd8 9. N3d2 Be6 10. Bxb7 Ra7 11. Bg2 Nbd7 12. Nc3 Bb4 13. O-O Ke7 14. Nde4 Nxe4 15. Nxe4 f5 16. Bg5+ Kf7 17. Nc3 h6 18.
Be3 Bc5 19. Bxc5 Nxc5 20. Rfd1 Rb8 21. Rd2 e4 22. f3 e3 23. Rc2 f4 24. gxf4 Rab7 25.
Rb1 Rb4 26. Ne4 Na4 27. b3 cxb3 28. axb3 Rxb3 29. Rxb3 Rxb3 30. Rc1 Bd5 31. f5 Bxe4 32. fxe4 Kf6 33. Bf3 Nc3 34. Ra1 Rb1+ 35. Rxb1 Nxb1 36.
Kf1 Nd2+ 37. Ke1 Nxf3+ 38. exf3 a5 39. Ke2 a4 40. Kxe3 a3 41. Kd2 a2 42. Kc2 a1=Q 0-1

[Event "*** Titled Tuesday Blitz"]
[Site "Chess.com"]
[Date "2020.02.04"]
[Round "9"]
[White "TheBigBoss04"]
[Black "PIwan"]
[Result "0-1"]
[WhiteElo "2686"]
[BlackElo "2546"]
[TimeControl "180+2"]
[EndTime "11:08:59 PST"]
[Termination "PIwan won by resignation"]

1. Nf3 d5 2. b3 Bf5 3. Bb2 e6 4. d3 Nf6 5. Nbd2 Nbd7 6. h3 h6 7. g4 Bh7 8. e3 Bd6 9. g5 hxg5 10.
Nxg5 Bg6 11. Qe2 Qe7 12. Rg1 O-O-O 13. O-O-O Ba3 14. Kb1 Bxb2 15. Kxb2 Bh5 16. Ngf3 e5 17. Qe1 e4 18. Nd4 Bxd1 19. Qxd1 c5 20. Nb5 a6 21. Nc3 Qe5 22. f4 exf3 23. Nxf3 Qxe3 24. Rxg7 Rhg8 25.
Rxf7 Qe6 26. Rxd7 Nxd7 27. d4 Kb8 28. dxc5 Nxc5 29. Nd4 Qe5 30. Bxa6 Ne4 31. Qd3 Nc5 32. Qb5 Qxd4 0-1

[Event "*** Titled Tuesday Blitz"]
[Site "Chess.com"]
[Date "2020.02.04"]
[Round "9"]
[White "Anton_Demchenko"]
[Black "hanzo_hasashi1"]
[Result "1/2-1/2"]
[WhiteElo "2968"]
[BlackElo "2924"]
[TimeControl "180+2"]
[EndTime "11:09:11 PST"]
[Termination "Game drawn by agreement"]

1. e4 e5 2. Nf3 Nc6 3. Bc4 Bc5 4. d3 Nf6 5. Bg5 h6 6. Bh4 d6 7. c3 O-O 8. Nbd2 Na5 9. Bb5 a6 10. Ba4 b5 11. Bc2 Nc6 12. b4 Bb6 13. a4 Be6 14. axb5 axb5 15. Rxa8 Qxa8 16. Bxf6 gxf6 17. O-O Kh7 18. Bb3 Ne7 19. d4 Ng6 20. g3 d5 21.
Re1 1/2-1/2

[Event "*** Titled Tuesday Blitz"]
[Site "Chess.com"]
[Date "2020.02.04"]
[Round "9"]
[White "MikeSailer"]
[Black "cancrushyou"]
[Result "0-1"]
[WhiteElo "2122"]
[BlackElo "2483"]
[TimeControl "180+2"]
[EndTime "11:09:34 PST"]
[Termination "cancrushyou won by resignation"]

1. Nf3 d5 2. b4 Nf6 3. Bb2 e6 4.
a3 a5 5. b5 c5 6. e3 Bd6 7. Be2 O-O 8. O-O Nbd7 9. c4 dxc4 10.
Bxc4 Qc7 11. Be2 b6 12. h3 Bb7 13. d4 e5 14. dxe5 Nxe5 15. Nxe5 Bxe5 16. Bxe5 Qxe5 17. Nd2 Rad8 18. Qc2 Qd5 19. Nf3 Qe4 20. Qxe4 Nxe4 21. Rac1 Nd2 22. Nxd2 Rxd2 23. Bg4 f5 24. Rfd1 Rxd1+ 25. Bxd1 Rd8 26. Bb3+ Kf8 27. Rc2 Be4 28. Rb2 Ke7 29. f3 Bd3 30. Kf2 c4 31. Bc2 c3 32.
Ra2 Bc4 33. Ra1 Rd2+ 34. Kg3 Rxc2 0-1

[Event "*** Titled Tuesday Blitz"]
[Site "Chess.com"]
[Date "2020.02.04"]
[Round "9"]
[White "ShimanovAlex"]
[Black "malandragem"]
[Result "1-0"]
[WhiteElo "2759"]
[BlackElo "2320"]
[TimeControl "180+2"]
[EndTime "11:09:36 PST"]
[Termination "ShimanovAlex won by resignation"]

1. e4 e5 2. f4 d5 3. d4 exd4 4. Qxd4 c6 5. Nc3 Nf6 6. e5 Nfd7 7. Qf2 Bc5 8. Be3 Qb6 9. Bxc5 Nxc5 10. b3 Bf5 11.
Nf3 Nbd7 12. Nd4 Be4 13. Be2 O-O 14. O-O a5 15. a3 Rae8 16. Rfb1 f6 17. b4 axb4 18.
axb4 Ne6 19. Nxe6 Qxf2+ 20. Kxf2 Rxe6 21. Nxe4 dxe4 22. Bc4 Kf7 23. f5 1-0

[Event "*** Titled Tuesday Blitz"]
[Site "Chess.com"]
[Date "2020.02.04"]
[Round "9"]
[White "Firouzja2003"]
[Black "LastGladiator1"]
[Result "1-0"]
[WhiteElo "3155"]
[BlackElo "2849"]
[TimeControl "180+2"]
[EndTime "11:09:54 PST"]
[Termination "Firouzja2003 won by resignation"]

1. e4 e6 2. d4 d5 3. Nc3 Bb4 4. Ne2 dxe4 5. a3 Bxc3+ 6. Nxc3 Nc6 7. d5 exd5 8. Qxd5 Be6 9. Qxe4 Nf6 10. Qh4 Nd5 11. Bg5 f6 12. Bd2 Nxc3 13. Bxc3 O-O 14. Bd3 f5 15. Qg3 Rf7 16. O-O-O Qf8 17. Rhe1 Bd5 18.
Be2 f4 19. Qh4 f3 20. gxf3 Bxf3 21. Bc4 Bxd1 22. Rg1 Bf3 23. Bxg7 1-0

[Event "*** Titled Tuesday Blitz"]
[Site "Chess.com"]
[Date "2020.02.04"]
[Round "9"]
[White "FearNoEvil12"]
[Black "tan275"]
[Result "1-0"]
[WhiteElo "2014"]
[BlackElo "2118"]
[TimeControl "180+2"]
[EndTime "11:09:55 PST"]
[Termination "FearNoEvil12 won by resignation"]

1. e4 c6 2. d4 d5 3. Nc3 dxe4 4. Nxe4 Bf5 5. Ng3 Bg6 6. Bc4 e6 7. N1e2 Bd6 8. O-O Nf6 9. f4 Bf5 10. Nxf5 exf5 11. Ng3 g6 12. Re1+ Kf8 13. b3 h5 14.
Qf3 Nbd7 15. Bb2 Nb6 16. Bd3 Nbd5 17. Ne2 Qc7 18. c4 Nxf4 19. Nxf4 Bxf4 20. h3 Kg7 21. d5 Rhe8 22. Bxf5 gxf5 23. Qxh5 Bh2+ 24. Kh1 Qg3 25.
Rf1 Re2 26. Bxf6+ Kf8 27. Qh8+ Qg8 28. Qxg8+ Kxg8 29. Kxh2 1-0

[Event "*** Titled Tuesday Blitz"]
[Site "Chess.com"]
[Date "2020.02.04"]
[Round "9"]
[White "RoelandPruijssers"]
[Black "Tjktiger"]
[Result "1/2-1/2"]
[WhiteElo "2637"]
[BlackElo "2777"]
[TimeControl "180+2"]
[EndTime "11:09:59 PST"]
[Termination "Game drawn by repetition"]

1. f4 Nf6 2. Nf3 d5 3. g3 g6 4. Bg2 Bg7 5. O-O O-O 6. d3 b6 7. Ne5 Bb7 8. Nc3 Nbd7 9. e4 dxe4 10. Nxd7 Qxd7 11. dxe4 Qxd1 12. Rxd1 e5 13. f5 Rfd8 14. Rxd8+ Rxd8 15. h3 Bf8 16. Bg5 Be7 17. g4 Kg7 18. Be3 h6 19. a3 Bc6 20. Kf2 Bc5 21. Bxc5 bxc5 22. b4 Rd4 23. Ke3 Rc4 24. Kd3 Rd4+ 25. Ke3 Rc4 26. Kd3 Rd4+ 27. Ke3 1/2-1/2

[Event "*** Titled Tuesday Blitz"]
[Site "Chess.com"]
[Date "2020.02.04"]
[Round "9"]
[White "Bulldog167"]
[Black "AleksanderHnydiuk"]
[Result "0-1"]
[WhiteElo "2681"]
[BlackElo "2558"]
[TimeControl "180+2"]
[EndTime "11:10:09 PST"]
[Termination "AleksanderHnydiuk won on time"]

1. d4 Nf6 2. Bf4 e6 3. e3 c5 4.
Nf3 b6 5. Nbd2 Be7 6. Bd3 Nh5 7. Bg3 Nxg3 8. hxg3 h6 9. c3 Bb7 10. Qe2 d6 11.
O-O-O Nd7 12. Kb1 Qc7 13. e4 O-O-O 14. Ba6 Kb8 15. Bxb7 Qxb7 16. Nc4 cxd4 17. cxd4 d5 18. exd5 Qxd5 19. Nce5 Nxe5 20. Qxe5+ Qxe5 21. Nxe5 Rc8 22. f4 f6 23. Ng6 Rhe8 24. Rhe1 Bb4 0-1

[Event "*** Titled Tuesday Blitz"]
[Site "Chess.com"]
[Date "2020.02.04"]
[Round "9"]
[White "RojonR"]
[Black "HarryCun"]
[Result "0-1"]
[WhiteElo "2409"]
[BlackElo "2149"]
[TimeControl "180+2"]
[EndTime "11:10:23 PST"]
[Termination "HarryCun won by checkmate"]

1. e4 c6 2. d4 d5 3. e5 Bf5 4. Ne2 e6 5. Ng3 Bg6 6. h4 h6 7. h5 Bh7 8. Bd3 Bxd3 9. cxd3 Nd7 10. O-O Ne7 11. Qg4 Qb6 12. Be3 Qxb2 13. Nd2 Qc2 14. Rab1 b6 15. Rb3 Qxa2 16. f4 c5 17. dxc5 Nxc5 18.
Bxc5 Qxd2 19. Bxe7 Bxe7 20. Qxg7 Kd7 21. Qg4 Rhg8 22.
Qf3 Rac8 23. f5 Bh4 24. fxe6+ fxe6 25. Qf7+ Be7 26. Qf3 Rc2 27. Kh2 Rf8 28. Qd1 Qxg2# 0-1

[Event "*** Titled Tuesday Blitz"]
[Site "Chess.com"]
[Date "2020.02.04"]
[Round "9"]
[White "rasmussvane"]
[Black "Gordima"]
[Result "1-0"]
[WhiteElo "2868"]
[BlackElo "2803"]
[TimeControl "180+2"]
[EndTime "11:10:26 PST"]
[Termination "rasmussvane won by resignation"]

1. Nf3 d5 2. g3 Nf6 3. Bg2 e6 4. O-O c5 5. c4 d4 6. e3 Nc6 7. exd4 cxd4 8. d3 Bd6 9. Bg5 h6 10. Bxf6 Qxf6 11. a3 O-O 12. Nfd2 Qd8 13. Re1 a5 14.
Ne4 Be7 15. c5 e5 16. Nbd2 Be6 17. Rc1 a4 18. Nc4 Qc7 19. Ned6 Bxc4 20. Rxc4 Bxd6 21.
cxd6 Qxd6 22. Rxa4 Rxa4 23. Qxa4 Qc5 24. Qb3 Na5 25.
Qd5 Qxd5 26. Bxd5 Nc6 27. Bxc6 bxc6 28. Rxe5 Rb8 29. b4 Rb5 30. Rxb5 cxb5 31. Kf1 Kf8 32. Ke2 Ke7 33. Kd2 Ke6 34. Kc2 Kf5 35. f3 1-0

[Event "*** Titled Tuesday Blitz"]
[Site "Chess.com"]
[Date "2020.02.04"]
[Round "9"]
[White "GMSrinath"]
[Black "Evgeny81"]
[Result "1-0"]
[WhiteElo "2973"]
[BlackElo "2726"]
[TimeControl "180+2"]
[EndTime "11:10:31 PST"]
[Termination "GMSrinath won by resignation"]

1. e4 e5 2. Nf3 Nc6 3. Bb5 a6 4. Ba4 Nf6 5. O-O Be7 6. Re1 b5 7.
Bb3 d6 8. c3 O-O 9. h3 Na5 10.
Bc2 c5 11. d4 Qc7 12. Nbd2 Nc6 13. Nf1 cxd4 14. cxd4 exd4 15. Bb3 Na5 16. Nxd4 Nxb3 17. axb3 Bb7 18. Ng3 d5 19. e5 Ne4 20. Ngf5 Rfe8 21. Bf4 Qb6 22. Nxe7+ Rxe7 23. b4 Rc8 24. f3 Nd6 25.
Kh1 Ne8 26. Qd2 Nc7 27. Nf5 Re6 28. Nd6 Ra8 29. Be3 Qc6 30. Rac1 Qd7 31. Nxb7 1-0

[Event "*** Titled Tuesday Blitz"]
[Site "Chess.com"]
[Date "2020.02.04"]
[Round "9"]
[White "kesarev"]
[Black "rpragchess"]
[Result "0-1"]
[WhiteElo "2468"]
[BlackElo "2789"]
[TimeControl "180+2"]
[EndTime "11:10:50 PST"]
[Termination "rpragchess won by checkmate"]

1. Nf3 Nf6 2. c4 g6 3. Nc3 Bg7 4. e4 d6 5. d4 O-O 6. h3 e5 7. d5 Nh5 8. g3 a5 9. Bg5 Qe8 10. Be2 f5 11. exf5 gxf5 12. Nh4 Nf6 13. Qc2 Na6 14. O-O-O Nb4 15. Qb1 e4 16. a3 Nd7 17. axb4 axb4 18. Nb5 Qe5 19. Bd2 Ra4 20. Rde1 Nc5 21. Bd1 Nd3+ 22. Qxd3 Qxb2# 0-1

[Event "*** Titled Tuesday Blitz"]
[Site "Chess.com"]
[Date "2020.02.04"]
[Round "9"]
[White "VALPARAISO37"]
[Black "OhanyanEminChess"]
[Result "1-0"]
[WhiteElo "2246"]
[BlackElo "2441"]
[TimeControl "180+2"]
[EndTime "11:10:50 PST"]
[Termination "VALPARAISO37 won by checkmate"]

1. d4 Nf6 2. c4 e5 3. dxe5 Ng4 4. Nf3 Nc6 5. Bf4 Bb4+ 6. Nbd2 Qe7 7. e3 Ngxe5 8. Be2 O-O 9. O-O Bxd2 10. Qxd2 d6 11. Rac1 Nxf3+ 12. Bxf3 Ne5 13. Be2 b6 14. b4 Bb7 15. c5 dxc5 16. bxc5 f6 17. Qc3 Rad8 18. a4 Bd5 19. a5 Bf7 20. Rfe1 Rd5 21. cxb6 cxb6 22.
axb6 axb6 23. Qb2 Rb8 24. Bc4 Nxc4 25. Rxc4 Rbd8 26. Qxb6 Rd1 27. Rc1 Rxe1+ 28. Rxe1 h6 29. h3 Qe4 30. f3 Qc2 31. Qxd8+ Kh7 32. Qe7 Qd2 33. Ra1 Qd5 34. Ra7 Kg6 35. e4 Qc4 36. h4 Kh5 37. Qxf7+ Qxf7 38. Rxf7 g5 39. Rxf6 gxf4 40.
Rxf4 Kg6 41. Rf5 Kg7 42. g4 Kg6 43. e5 h5 44. Rxh5 Kf7 45. Rh6 Kg7 46. g5 Kf7 47. f4 Kg7 48. f5 Kf8 49. Rh7 Kg8 50. g6 Kf8 51. h5 Ke8 52. h6 Kf8 53. Kh1 Kg8 54.
Ra7 Kh8 55. e6 Kg8 56. f6 Kf8 57. Kg1 Ke8 58. Rd7 Kf8 59. Kf1 Kg8 60. Ke1 Kh8 61. Rd8# 1-0

[Event "*** Titled Tuesday Blitz"]
[Site "Chess.com"]
[Date "2020.02.04"]
[Round "9"]
[White "Irishchessman16"]
[Black "karinachess1"]
[Result "0-1"]
[WhiteElo "2244"]
[BlackElo "2493"]
[TimeControl "180+2"]
[EndTime "11:11:04 PST"]
[Termination "karinachess1 won by resignation"]

1. e4 c5 2. Nf3 Nc6 3. Bb5 e6 4. O-O Nge7 5. d4 cxd4 6. Nxd4 a6 7. Be2 Nxd4 8. Qxd4 Nc6 9. Qd1 Be7 10. c4 O-O 11.
Nc3 Qc7 12. Be3 d6 13. Rc1 Ne5 14. f4 Nd7 15. Bf3 Rb8 16. b4 b6 17. a3 Bb7 18.
g4 Rfe8 19. g5 Bf8 20. Ne2 Rbc8 21. Qe1 Qb8 22. Qh4 b5 23. cxb5 axb5 24. Nc3 Bc6 25. Qf2 Qb7 26. Qg2 Nb6 27. Bxb6 Qxb6+ 28. Kh1 Bb7 29. Qe2 Bc6 30. e5 Bxf3+ 31. Rxf3 Rc4 32. Rcf1 Qc6 33. Ne4 Qxe4 0-1

[Event "*** Titled Tuesday Blitz"]
[Site "Chess.com"]
[Date "2020.02.04"]
[Round "9"]
[White "SHIVACalypso"]
[Black "MaxLeto"]
[Result "0-1"]
[WhiteElo "2209"]
[BlackElo "2335"]
[TimeControl "180+2"]
[EndTime "11:11:17 PST"]
[Termination "MaxLeto won by checkmate"]

1. Nf3 d5 2. c4 d4 3. e3 c5 4. exd4 cxd4 5. b4 f6 6. Bb2 e5 7. c5 Nc6 8. Qb3 Bg4 9. Bc4 Nh6 10. d3 a5 11. a3 Bxf3 12. gxf3 f5 13. Nd2 axb4 14. axb4 Rxa1+ 15. Bxa1 Qg5 16. Qa4 Qg2 17. Rf1 Be7 18. Qa8+ Nd8 19. Qc8 Qg6 20. b5 Nf7 21.
Nb3 O-O 22. Qd7 Qf6 23. Na5 Bxc5 24. Nxb7 Bb4+ 25. Kd1 Nxb7 26. Qxb7 Kh8 27. Qc6 Qg5 28. Bb2 Qd2# 0-1

[Event "*** Titled Tuesday Blitz"]
[Site "Chess.com"]
[Date "2020.02.04"]
[Round "9"]
[White "Mr_Sinigami"]
[Black "AntonSmirnov"]
[Result "1-0"]
[WhiteElo "2746"]
[BlackElo "2896"]
[TimeControl "180+2"]
[EndTime "11:11:21 PST"]
[Termination "Mr_Sinigami won by resignation"]

1. e4 e5 2. Nf3 Nf6 3. Nc3 Nc6 4.
g3 Bc5 5. Bg2 d6 6. d3 Bg4 7.
O-O Qd7 8. Be3 O-O-O 9. Qd2 Kb8 10. a3 h5 11. h4 Bxf3 12. Bxf3 Ng4 13. Bxc5 dxc5 14.
Nd5 Nd4 15. Bg2 c6 16. Ne3 g6 17. Rad1 f5 18. c3 Ne6 19. exf5 gxf5 20. Nxf5 Nf4 21. Be4 Rdf8 22. gxf4 Rxf5 23. f3 Nf6 24. fxe5 Rg8+ 25. Kh2 Nxe4 26. dxe4 Qxd2+ 27. Rxd2 Rxe5 28. Rg1 Rf8 29. Kg3 Kc7 30. Re2 Re7 31. Kf2 Rf4 32. Rh1 Ref7 33. Rh3 Kd6 34. Ke3 R4f6 35. Rg2 Ke6 36. Rg5 b6 37. Rxh5 a5 38. Rg5 Rh7 39. h5 Kf7 40.
Rg6 c4 41. Rxf6+ Kxf6 42. h6 c5 43. f4 b5 44. Rh5 Ke7 45. e5 Ke6 46. Ke4 b4 47. f5+ Kf7 48. a4 1-0

[Event "*** Titled Tuesday Blitz"]
[Site "Chess.com"]
[Date "2020.02.04"]
[Round "9"]
[White "GadimbayliA"]
[Black "vladimirdamjanovic"]
[Result "0-1"]
[WhiteElo "2907"]
[BlackElo "2630"]
[TimeControl "180+2"]
[EndTime "11:11:22 PST"]
[Termination "vladimirdamjanovic won by resignation"]

1. e4 c6 2. Nf3 d5 3. exd5 cxd5 4. d4 Nc6 5. Ne5 Nf6 6. c3 a6 7. Nd2 Bf5 8. Ndf3 e6 9. Bf4 Bd6 10. Qb3 O-O 11. Be2 Qc7 12. O-O Ne4 13. a4 Na5 14. Qd1 f6 15. g4 fxe5 16. dxe5 Bxg4 17. exd6 Qf7 18. Be5 Bxf3 19. Bxf3 Qxf3 20. Qxf3 Rxf3 21. Kg2 Rf5 22. Bd4 Nxd6 23. Rfe1 Kf7 24. Re2 Re8 25. Rae1 Nc6 26. Bc5 Ne4 27. Ba3 Nf6 28. f3 Nh5 29. Re3 Nf4+ 30. Kg3 Nh5+ 31. Kf2 Nf6 32. Kg2 Rg5+ 33.
Kf2 g6 34. Bc5 Nd7 35. Bd6 Rf5 36. b4 e5 37. b5 Na5 0-1

[Event "*** Titled Tuesday Blitz"]
[Site "Chess.com"]
[Date "2020.02.04"]
[Round "9"]
[White "DishonorOnYourCow"]
[Black "Everyfishknows"]
[Result "1-0"]
[WhiteElo "2235"]
[BlackElo "2299"]
[TimeControl "180+2"]
[EndTime "11:11:22 PST"]
[Termination "DishonorOnYourCow won by checkmate"]

1. d4 Nf6 2. c4 e6 3. Nc3 Bb4 4. Nf3 b6 5. e3 O-O 6. Bd3 Bb7 7.
O-O d5 8. cxd5 exd5 9. a3 Be7 10. b4 a5 11. b5 Nbd7 12. a4 Ne4 13. Qb3 Ndf6 14.
Ba3 Rc8 15. Bxe7 Qxe7 16. Rac1 c6 17. bxc6 Rxc6 18. Bxe4 dxe4 19. Ne5 Re6 20. Nb5 Bd5 21.
Qb2 Rd8 22. Rc7 Nd7 23. Rfc1 Qe8 24. Nxd7 Rxd7 25. Rc8 Rd8 26. Nc7 Rxc8 27. Nxe8 Rexe8 28. Rxc8 Rxc8 29. h4 Rc6 30. Qb5 Rd6 31. Qe8# 1-0